 Dungeon Crawl Stone Soup version 0.24.0-123-gd5b16e6ec5 (webtiles) character file.

Game seed: 5894965346396124836, levelgen mode: deterministic

5326 Essalna the Basher (level 10, -3/74 HPs)
             Began as a Gnoll Wanderer on Dec 28, 2019.
             Was a Follower of Ashenzari.
             Killed from afar by an electric eel (6 damage)
             ... with a bolt of electricity
             ... on level 8 of the Dungeon.
             The game lasted 00:26:18 (9670 turns).

Essalna the Basher (Gnoll Wanderer)                 Turns: 9670, Time: 00:26:20

Health: -3/74      AC: 13    Str: 15    XL:     10   Next: 64%
Magic:  0/19       EV:  9    Int: 19    God:    Ashenzari [*.....]
Gold:   554        SH:  0    Dex: 16    Spells: 21/21 levels left

rFire    + . .     SeeInvis .   D - +4 halberd (freeze) (curse)
rCold    x . .     Gourm    .   (shield currently unavailable)
rNeg     . . .     Faith    .   i - +0 chain mail
rPois    .         Spirit   +   (no helmet)
rElec    .         Reflect  .   (no cloak)
rCorr    .         Harm     .   k - +1 pair of gloves
MR       .....                  K - +0 pair of boots
Stlth    ..........             w - amulet of guardian spirit (curse)
HPRegen  0.22/turn              E - +3 ring of dexterity (curse)
MPRegen  0.16/turn              F - ring of fire (curse)

@: lightly drained, very slow
A: distributed training, fangs 1, strong nose
a: Curse Item, Scrying, Renounce Religion


You were on level 8 of the Dungeon.
You worshipped Ashenzari.
Ashenzari was aware of your devotion.
You were not hungry.

You visited 2 branches of the dungeon, and saw 9 of its levels.

You collected 554 gold pieces.

Inventory:

Hand Weapons
 a - a +2 mace
 y - a +0 morningstar
 z - a +3 flail of draining
 D - a cursed +4 halberd of freezing (weapon)
Armour
 d - a +0 robe
 i - a +0 chain mail (worn)
 k - a +1 pair of gloves (worn)
 K - a +0 pair of boots (worn)
Magical Staves
 x - an uncursed staff of earth
Jewellery
 g - a cursed ring of resist corrosion
 w - a cursed amulet of guardian spirit (around neck)
 C - an uncursed amulet of rage
 E - a cursed +3 ring of dexterity (left hand)
 F - a cursed ring of fire (right hand)
Wands
 c - a wand of random effects (15)
 e - a wand of scattershot (5)
 n - a wand of iceblast (5)
 q - a wand of acid (14)
 H - a wand of paralysis (6)
Scrolls
 h - 2 scrolls of teleportation
 j - a scroll of noise
 l - 2 scrolls of remove curse
 m - 3 scrolls of enchant armour
 p - 2 scrolls of fear
 s - 2 scrolls of identify
 u - 2 scrolls of amnesia {unknown}
 v - 2 scrolls of immolation {unknown}
 A - 3 scrolls of enchant weapon {unknown}
 G - a scroll of fog {unknown}
 J - a scroll of blinking {unknown}
Potions
 b - 4 potions of curing
 o - a potion of mutation
 r - 2 potions of degeneration
 t - a potion of might
 B - a potion of lignification
 I - a potion of agility
Comestibles
 f - 21 rations


   Skills:
 + Level 5.3(4.9) Fighting
 + Level 5.3(4.9) Short Blades
 + Level 5.3(4.9) Long Blades
 + Level 5.3(4.9) Axes
 + Level 10.1(9.6) Maces & Flails
 + Level 5.3(4.9) Polearms
 + Level 5.3(4.9) Staves
 + Level 5.3(4.9) Slings
 + Level 5.3(4.9) Bows
 + Level 5.3(4.9) Crossbows
 + Level 5.3(4.9) Throwing
 + Level 6.0(5.6) Armour
 + Level 5.3(4.9) Dodging
 + Level 5.3(4.9) Stealth
 + Level 6.0(5.6) Shields
 + Level 5.3(4.9) Unarmed Combat
 + Level 6.1(5.7) Spellcasting
 + Level 4.4(4.0) Conjurations
 + Level 4.4(4.0) Hexes
 + Level 4.4(4.0) Charms
 + Level 4.4(4.0) Summonings
 + Level 4.4(4.0) Necromancy
 + Level 4.4(4.0) Translocations
 + Level 5.0(4.6) Transmutations
 + Level 4.4(4.0) Fire Magic
 + Level 4.4(4.0) Ice Magic
 + Level 4.4(4.0) Air Magic
 + Level 5.0(4.6) Earth Magic
 + Level 4.4(4.0) Poison Magic
 + Level 5.9(5.5) Invocations
 + Level 6.0(5.6) Evocations


You had 21 spell levels left.
You didn't know any spells.
Your spell library was empty.

Dungeon Overview and Level Annotations

Branches:
Dungeon (8/15)             Temple (1/1) D:5
   Lair: D:8-11

Altars:
Ashenzari
Cheibriados
Dithmenos
Elyvilon
Fedhas
Gozag
Hepliaklqana
Kikubaaqudgha
Makhleb
Nemelex Xobeh
Okawaru
Qazlal
Ru
Sif Muna
Trog
Uskayaw
Vehumet
Wu Jian
Xom
Yredelemnul
Zin

Annotations:
D:7 2 transporters, FishyPogo's ghost, novice GnSk


Innate Abilities, Weirdness & Mutations

Your experience applies equally to all skills.
You have very sharp teeth.
Your uncanny sense of smell can sniff out nearby items.


Message History

The electric eel shoots out a bolt of lightning at you!
The bolt of electricity hits you.
* * * LOW HITPOINT WARNING * * *
Attack whom?
Press: ? - help, Dir - move target cursor, f/p - electric eel
Aim: an electric eel (almost dead)
You closely miss the electric eel.
The electric eel is almost dead.
The hippogriff bites you.
* * * LOW HITPOINT WARNING * * *
The hippogriff pecks you but does no damage.
The hippogriff claws you but does no damage.
The hippogriff bites you but does no damage.
The hippogriff pecks you.
* * * LOW HITPOINT WARNING * * *
The hippogriff claws you.
* * * LOW HITPOINT WARNING * * *
The electric eel shoots out a bolt of lightning at you!
The bolt of electricity hits you!
You die...

#####..#..#.....##
##...........# .#
#..#........# .#
##.##...[...# ...
#.###......#### .#.
.............P♣.# ..
###.##........≈.♣.##
. #.##.....≈.≈.≈≈..#
#..#....♣≈@.≈≈≈..#
##....♣;H≈≈≈P.#
##...≈.≈≈♣≈..#
#...P≈≈≈≈≈♣..#
#.....≈≈≈♣≈P.#
#<...≈≈≈≈≈....
#...P≈≈≈P≈P...
#....♣≈≈≈P....
#.....P ♣


You could see a hippogriff and an electric eel.

Vanquished Creatures
  4 gargoyles (D:7)
  Grinder (D:4)
  2 hippogriffs
  4 hogs (D:7)
  A human (D:7)
  A hungry ghost (D:7)
  Menkaure (D:4)
  3 orc warriors
  3 sky beasts
  A black bear (D:7)
  A phantom (D:4)
  3 ogres
  A big kobold (D:7)
  3 bullfrogs
  A gnoll sergeant (D:2)
  3 scorpions
  4 wights (D:8)
  A bullfrog zombie (D:7)
  A crimson imp (D:6)
  A centaur zombie (D:7)
  5 hounds
  4 orc wizards
  5 orc priests
  A jelly (D:8)
  2 centaur skeletons
  Jessica (D:2)
  3 iguanas
  4 worker ants
  A howler monkey zombie (D:8)
  6 gnolls
  6 adders
  A howler monkey skeleton (D:7)
  2 shadow imps (D:7)
  An ooze (D:3)
  An adder zombie (D:5)
  3 adder skeletons (D:4)
  A dart slug (D:2)
  4 leopard geckos
  22 orcs
  6 bats
  2 giant cockroaches
  5 goblins
  3 hobgoblins (D:3)
  4 jackals (D:7)
  2 quokkas
  2 ball python zombies
  5 frilled lizards
  A giant cockroach zombie (D:6)
  6 kobolds
  A leopard gecko skeleton (D:5)
  4 rats
154 creatures vanquished.

Vanquished Creatures (others)
  A goblin (D:2)
  A plant (D:8)
  5 toadstools (D:2)
7 creatures vanquished.

Grand Total: 161 creatures vanquished

Notes
Turn   | Place    | Note
-------+----------+-------------------------------------------
     0 | D:1      | Essalna the Gnoll Wanderer began the quest for the Orb.
     0 | D:1      | Essalna set off with the following items: a +2 mace, a
                  | potion of curing, a wand of random effects (15), a +0 robe,
                  | a ration
     0 | D:1      | Reached XP level 1. HP: 13/13 MP: 4/4
   388 | D:1      | Reached XP level 2. HP: 19/19 MP: 5/5
   732 | D:2      | Noticed Jessica
   738 | D:2      | Killed Jessica
   738 | D:2      | Reached skill level 1 in Invocations
   738 | D:2      | Reached XP level 3. HP: 13/25 MP: 7/7
  1030 | D:2      | Found a radiant altar of Vehumet.
  1179 | D:2      | Reached skill level 1 in Fighting
  1179 | D:2      | Reached skill level 1 in Short Blades
  1179 | D:2      | Reached skill level 1 in Long Blades
  1179 | D:2      | Reached skill level 1 in Axes
  1179 | D:2      | Reached skill level 1 in Polearms
  1179 | D:2      | Reached skill level 1 in Staves
  1179 | D:2      | Reached skill level 1 in Slings
  1179 | D:2      | Reached skill level 1 in Bows
  1179 | D:2      | Reached skill level 1 in Crossbows
  1179 | D:2      | Reached skill level 1 in Throwing
  1179 | D:2      | Reached skill level 1 in Dodging
  1179 | D:2      | Reached skill level 1 in Stealth
  1179 | D:2      | Reached skill level 1 in Unarmed Combat
  1353 | D:2      | Reached XP level 4. HP: 32/32 MP: 8/8
  1989 | D:3      | Noticed a gnoll sergeant
  2162 | D:2      | Killed a gnoll sergeant
  2162 | D:2      | Reached skill level 1 in Conjurations
  2162 | D:2      | Reached skill level 1 in Hexes
  2162 | D:2      | Reached skill level 1 in Charms
  2162 | D:2      | Reached skill level 1 in Summonings
  2162 | D:2      | Reached skill level 1 in Necromancy
  2162 | D:2      | Reached skill level 1 in Translocations
  2162 | D:2      | Reached skill level 1 in Fire Magic
  2162 | D:2      | Reached skill level 1 in Ice Magic
  2162 | D:2      | Reached skill level 1 in Air Magic
  2162 | D:2      | Reached skill level 1 in Poison Magic
  2162 | D:2      | Reached XP level 5. HP: 16/37 MP: 9/9
  2920 | D:4      | Noticed Grinder
  2966 | D:4      | Reached XP level 6. HP: 18/44 MP: 9/11
  3319 | D:4      | Paralysed by Grinder for 5 turns
  3558 | D:4      | Killed Grinder
  3558 | D:4      | Reached XP level 7. HP: 27/50 MP: 12/12
  3867 | D:4      | Noticed Menkaure
  3906 | D:4      | Killed Menkaure
  4221 | D:4      | Found a sacrificial altar of Ru.
  4225 | D:4      | Reached skill level 9 in Maces & Flails
  4485 | D:4      | Found an opulent altar of Gozag.
  4523 | D:4      | Reached XP level 8. HP: 41/57 MP: 14/14
  4595 | D:4      | Found an iron altar of Okawaru.
  4596 | D:4      | Found a bloodstained altar of Trog.
  4636 | D:5      | Entered Level 5 of the Dungeon
  5396 | D:5      | Found a shimmering altar of Xom.
  5401 | D:5      | You fall into a shaft and drop 1 floor!
  5489 | D:5      | Found a shadowy altar of Dithmenos.
  5553 | D:5      | Found a staircase to the Ecumenical Temple.
  5559 | Temple   | Entered the Ecumenical Temple
  5745 | Temple   | Became a worshipper of Ashenzari the Shackled
  6028 | D:6      | Noticed a hippogriff
  6037 | D:6      | Killed a hippogriff
  6125 | D:6      | Reached XP level 9. HP: 62/65 MP: 13/16
  7351 | D:7      | Reached skill level 5 in Spellcasting
  7579 | D:7      | Reached skill level 5 in Armour
  7579 | D:7      | Reached skill level 5 in Shields
  7579 | D:7      | Reached skill level 5 in Evocations
  7665 | D:7      | Reached skill level 5 in Invocations
  7958 | D:7      | Noticed a gargoyle
  8372 | D:7      | Reached XP level 10. HP: 60/73 MP: 13/18
  8780 | D:7      | Found a transporter.
  8802 | D:7      | Noticed a gargoyle
  8806 | D:7      | Noticed a gargoyle
  8820 | D:7      | Killed a gargoyle
  8820 | D:7      | Reached skill level 5 in Fighting
  8820 | D:7      | Reached skill level 5 in Short Blades
  8820 | D:7      | Reached skill level 5 in Long Blades
  8820 | D:7      | Reached skill level 5 in Axes
  8820 | D:7      | Reached skill level 5 in Polearms
  8820 | D:7      | Reached skill level 5 in Staves
  8820 | D:7      | Reached skill level 5 in Slings
  8820 | D:7      | Reached skill level 5 in Bows
  8820 | D:7      | Reached skill level 5 in Crossbows
  8820 | D:7      | Reached skill level 5 in Throwing
  8820 | D:7      | Reached skill level 5 in Dodging
  8820 | D:7      | Reached skill level 5 in Stealth
  8820 | D:7      | Reached skill level 5 in Unarmed Combat
  8836 | D:7      | Killed a gargoyle
  8843 | D:7      | Killed a gargoyle
  8843 | D:7      | Reached skill level 10 in Maces & Flails
  9193 | D:7      | Found a transporter.
  9197 | D:7      | Noticed FishyPogo's ghost (novice GnSk)
  9202 | D:7      | Noticed a moth of wrath
  9222 | D:7      | Noticed a gargoyle
  9231 | D:7      | Killed a gargoyle
  9483 | D:8      | Reached * piety under Ashenzari
  9522 | D:8      | Reached skill level 5 in Transmutations
  9522 | D:8      | Reached skill level 5 in Earth Magic
  9670 | D:8      | HP: 3/74 [hippogriff (3)]
  9670 | D:8      | Killed from afar by an electric eel

Levels and vault maps discovered:
D:1:      dpeg_arrival_pond, layout_basic
D:2:      layout_loops_corners, fiery_altar_vehumet, first_ration,
          minmay_gold_behind_fungi, uniq_jessica
D:3:      layout_basic
D:4:      layout_rooms, kennysheep_little_box, marbit_many_paths,
          grunt_temple_overflow_bloody_war, uniq_grinder, uniq_menkaure
D:5:      layout_cave_pools, kennysheep_mini, minmay_temple_entry_nine_rooms,
          basic_altar
D:6:      layout_basic
D:7:      cheibrodos_statue_roulette, layout_basic,
          gammafunk_ghost_berserking_beasts, grunt_livestock, roderic_lattice_a
D:8:      layout_rooms, old_standard_altar, erik_lair_dragon, serial_rivers,
          chequers_serial_rivers_room_a, chequers_serial_rivers_micro_a,
          chequers_serial_rivers_micro_c, chequers_serial_rivers_micro_b,
          chequers_serial_rivers_micro_e, chequers_serial_rivers_large_a,
          serial_shops, shop, shop, serial_bayou_pond_b, minmay_hedge_maze,
          fedhas_altar_fruit_tree, uniq_gastronok, uniq_erica
Temple:   bh_familiar_temple

Skill      XL: |  1  2  3  4  5  6  7  8  9 10 |
---------------+-------------------------------+-----
Transmutations | 2 3 4 5 |  5.0
Earth Magic    | 2 3 4 5 |  5.0
Invocations    | 1 2 3 4 5 |  5.9
Fighting       | 1 2 3 4 5 |  5.3
Short Blades   | 1 2 3 4 5 |  5.3
Long Blades    | 1 2 3 4 5 |  5.3
Axes           | 1 2 3 4 5 |  5.3
Polearms       | 1 2 3 4 5 |  5.3
Staves         | 1 2 3 4 5 |  5.3
Slings         | 1 2 3 4 5 |  5.3
Bows           | 1 2 3 4 5 |  5.3
Crossbows      | 1 2 3 4 5 |  5.3
Throwing       | 1 2 3 4 5 |  5.3
Dodging        | 1 2 3 4 5 |  5.3
Stealth        | 1 2 3 4 5 |  5.3
Unarmed Combat | 1 2 3 4 5 |  5.3
Spellcasting   | 3 4 5 6 |  6.1
Conjurations   | 1 2 3 4 |  4.4
Hexes          | 1 2 3 4 |  4.4
Charms         | 1 2 3 4 |  4.4
Summonings     | 1 2 3 4 |  4.4
Necromancy     | 1 2 3 4 |  4.4
Translocations | 1 2 3 4 |  4.4
Fire Magic     | 1 2 3 4 |  4.4
Ice Magic      | 1 2 3 4 |  4.4
Air Magic      | 1 2 3 4 |  4.4
Poison Magic   | 1 2 3 4 |  4.4
Armour         | 3 4 5 6 |  6.0
Shields        | 3 4 5 6 |  6.0
Evocations     | 3 4 5 6 |  6.0
Maces & Flails | 9 10 | 10.1

Action                   |  1- 3 |  4- 6 |  7- 9 | 10-12 || total
-------------------------+-------+-------+-------+-------++-------
Melee: Mace              |    38 |   151 |   169 |       ||   358
       Bite              |     1 |    13 |    49 |    16 ||    79
       Punch             |       |     1 |     5 |     2 ||     8
       Flail             |       |       |   273 |   101 ||   374
       Halberd           |       |       |       |    24 ||    24
Invok: Curse Item        |       |       |     3 |       ||     3
  Use: Scroll            |       |     3 |     1 |     7 ||    11
       Potion            |       |     1 |     4 |     3 ||     8
  Eat: Chunk             |     1 |     7 |    16 |     1 ||    25
       Ration            |       |       |       |     2 ||     2
Armor: Robe              |     6 |       |       |       ||     6
       Chain mail        |    18 |    96 |   231 |    77 ||   422
Dodge: Dodged            |    13 |    40 |   177 |    52 ||   282
